Map: Battle on the Boardwalk LE

Players

Neuro - Winner!

  • Race: Zerg Zerg
  • League: Master
  • Spawn Location: 11:00

Starlord

  • Race: Protoss Protoss
  • League: Master
  • Spawn Location: 1:00

VOD

Have the link to the VOD?

Description

Time

  • Played on: Nov. 20, 2017, 4:48 p.m.
  • Length: 9:55
Show
View Real Time Build Order
Export as new Build Order

Neuro Zerg - Winner!

Build Orders: Pool First, Lurkers 

Get SALT Encoding   

  12  0:01  Drone  
  13  0:13  Overlord  
  13  0:18  Drone  
  14  0:31  Drone x2  
  14  0:34  Drone  
  17  0:45  Drone  
  17  0:46  Extractor  
  17  0:51  Spawning Pool  
  17  0:56  Drone  
  17  1:07  Drone  
  18  1:19  Hatchery  
  18  1:22  Drone  
  18  1:29  Drone  
  19  1:38  Queen  
  21  1:41  Zergling x2  
  22  1:51  Overlord  
  22  2:02  Roach Warren  
  22  2:04  Drone  
  22  2:26  Drone x2  
  24  2:32  Overlord  
  24  2:45  Roach x3  
  24  2:48  Roach x3  
  36  2:54  Roach  
  38  2:59  Roach  
  38  3:02  Queen  
  42  3:08  Overlord  
  42  3:11  Drone  
  43  3:23  Drone  
  44  3:28  Drone x4  
  44  3:34  Drone x2  
  50  3:39  Lair  
  49  3:53  Ravager  
  50  3:56  Drone  
  50  3:58  Drone x3  
  50  3:59  Ravager  
  50  4:02  Drone  
  50  4:04  Metabolic Boost  
  42  4:18  Drone x5  
  42  4:22  Extractor  
  42  4:23  Extractor  
  43  4:24  Overlord  
  43  4:28  Queen  
  43  4:31  Overlord x2  
  43  4:38  Glial Reconstitution  
  43  4:40  Hatchery  
  43  4:43  Roach, Zergling x2  
  45  4:50  Zergling x6  
  48  4:57  Roach, Zergling x4  
  52  5:01  Roach, Zergling x2  
  55  5:13  Roach  
  55  5:14  Roach x2  
  59  5:17  Roach  
  57  5:21  Roach  
  57  5:24  Drone x4  
  57  5:27  Extractor  
  59  5:31  Drone x2  
  59  5:32  Evolution Chamber  
  59  5:35  Drone x2  
  62  5:38  Drone  
  63  5:43  Overseer  
  63  5:49  Drone x2  
  65  5:54  Drone  
  66  5:58  Drone x2  
  68  6:06  Overlord  
  68  6:09  Zerg Missile Weapons Level 1  
  68  6:11  Drone x5  
  72  6:12  Hydralisk Den  
  72  6:14  Drone  
  73  6:28  Drone x7  
  80  6:37  Overlord x2  
  80  6:38  Queen  
  80  6:41  Drone x2  
  81  6:47  Lurker Den  
  81  6:49  Drone x3  
  83  7:02  Drone x7  
  88  7:11  Overlord  
  88  7:12  Muscular Augments  
  87  7:16  Overlord  
  87  7:29  Extractor x2, Spore Crawler x2  
  83  7:30  Spine Crawler, Drone  
  83  7:31  Drone x2  
  83  7:33  Overseer  
  83  7:36  Hydralisk x5  
  83  7:37  Hydralisk x2  
  87  7:40  Drone x2  
  87  7:41  Drone  
  87  7:42  Drone  
  87  7:43  Drone  
  104  7:58  Nydus Network  
  103  8:11  Overlord x3, Hydralisk x5  
  113  8:28  Hatchery  
  113  8:29  Lurker x4  
  113  8:30  Lurker  
  113  8:31  Queen x2  
  121  8:37  Nydus Canal  
  124  8:41  Zergling x18  
  129  9:02  Nydus Canal  
  129  9:04  Hydralisk  
  130  9:15  Hydralisk  
  130  9:16  Hydralisk x2  
  116  9:26  Hydralisk x5  
  116  9:27  Hydralisk x2  
  130  9:34  Overlord x3  
Show
View Real Time Build Order
Export as new Build Order

Starlord Protoss 

Build Orders: 1 Gate Expand 

Get SALT Encoding   

  12  0:01  Probe  
  13  0:13  Probe  
  14  0:17  Pylon  
  14  0:25  Probe  
  15  0:37  Probe (Chrono Boost)  
  15  0:40  Gateway  
  16  0:46  Assimilator  
  17  0:50  Probe (Chrono Boost)  
  17  0:56  Probe (Chrono Boost)  
  18  1:04  Probe  
  19  1:16  Probe  
  20  1:28  Nexus  
  20  1:36  Cybernetics Core  
  20  1:37  Probe  
  21  1:47  Assimilator  
  21  1:49  Probe  
  22  1:58  Pylon  
  22  2:01  Probe  
  23  2:13  Warp Gate  
  23  2:16  Probe  
  23  2:19  Stalker (Chrono Boost)  
  25  2:28  Probe  
  26  2:41  Adept, Probe (Chrono Boost)  
  29  2:45  Twilight Council  
  29  2:46  Probe (Chrono Boost)  
  31  2:53  Probe (Chrono Boost)  
  31  2:57  Probe x2 (Chrono Boost)  
  33  3:03  Probe  
  34  3:06  Probe  
  34  3:08  Adept  
  37  3:14  Robotics Facility  
  37  3:15  Probe  
  38  3:21  Resonating Glaives (Chrono Boost)  
  38  3:23  Probe  
  39  3:27  Probe  
  39  3:29  Pylon  
  40  3:35  Probe  
  41  3:44  Stalker (Chrono Boost)  
  41  3:46  Pylon  
  41  3:47  Shield Battery  
  43  3:52  Shield Battery  
  40  3:57  Probe x2  
  29  4:04  Immortal (Chrono Boost)  
  29  4:09  Probe x2  
  31  4:21  Probe x2  
  33  4:33  Warp Prism, Probe  
  33  4:34  Probe  
  37  4:43  Adept  
  39  4:46  Probe (Chrono Boost)  
  39  4:50  Probe (Chrono Boost)  
  41  4:58  Probe (Chrono Boost)  
  43  5:02  Gateway  
  43  5:03  Probe x2 (Chrono Boost)  
  43  5:04  Gateway  
  44  5:10  Probe  
  44  5:12  Probe  
  38  5:22  Probe  
  38  5:24  Probe  
  34  5:28  Sentry  
  34  5:30  Immortal (Chrono Boost)  
  34  5:34  Probe  
  41  5:36  Probe  
  42  5:46  Probe  
  42  5:48  Probe  
  42  5:49  Gateway  
  44  5:52  Assimilator  
  44  5:56  Gateway  
  48  5:58  Gateway  
  48  5:59  Immortal (Chrono Boost)  
  48  6:06  Probe  
  48  6:07  Probe  
  48  6:09  Assimilator  
  50  6:11  Adept x3  
  56  6:19  Probe  
  56  6:23  Probe  
  58  6:30  Immortal  
  62  6:37  Probe  
  57  6:43  Nexus  
  51  6:47  Zealot x2  
  51  6:51  Probe  
  50  7:00  Sentry  
  53  7:01  Probe (Chrono Boost)  
  53  7:04  Probe (Chrono Boost)  
  54  7:13  Probe (Chrono Boost)  
  56  7:16  Probe (Chrono Boost)  
  56  7:22  Shield Battery, Templar Archives  
  57  7:23  Probe (Chrono Boost)  
  57  7:29  Probe  
  58  7:34  Pylon x2  
  58  7:36  Pylon  
  58  7:37  Probe (Chrono Boost)  
  58  7:39  Stalker  
  58  7:42  Psionic Storm  
  61  7:49  Probe x2 (Chrono Boost)  
  62  7:54  Pylon  
  62  7:57  Probe (Chrono Boost)  
  63  8:02  High Templar x2  
  63  8:03  Probe (Chrono Boost)  
  71  8:13  Probe x3 (Chrono Boost)  
  71  8:15  Probe  
  71  8:16  High Templar  
  71  8:17  Probe  
  71  8:18  Probe  
  71  8:19  Warp Prism  
  78  8:27  Assimilator, Probe  
  78  8:29  Probe  
  78  8:30  Probe  
  78  8:31  Assimilator  
  81  8:36  High Templar  
  81  8:39  Probe  
  84  8:42  Probe x2  
  84  8:46  Zealot  
  88  8:51  Probe  
  88  8:54  Probe  
  86  9:16  Nexus  
  80  9:17  Zealot  
  80  9:18  Zealot x3  
  80  9:22  Archon  
  74  9:25  Observer (Chrono Boost)  
  74  9:29  Probe  
  66  9:35  High Templar  
  66  9:36  High Templar  
  68  9:41  Probe  
  68  9:42  Archon  
  68  9:45  High Templar  
Tags
 
Add a new tag
Caveats
  • Supply blocks, unpowered buildings, or Contaminate may cause inaccurate times.
  • Supply counts are checked every 10 seconds.